 Dungeon Crawl Stone Soup version 0.30-a0-743-gbfdf073431 (webtiles) character file.

Game seed: 11042263682234498883

109 Aneyh the Poker (level 4, -2/28 HPs)
             Began as a Tengu Monk on Feb 7, 2023.
             Killed by divine providence
             ... invoked by an orc priest
              (15 damage)
             ... on level 3 of the Dungeon.
             The game lasted 00:03:55 (1910 turns).

Aneyh the Poker (Tengu Monk)                        Turns: 1910, Time: 00:03:56

Health: -2/28      AC:  3    Str: 13    XL:     4   Next: 89%
Magic:  5/5        EV: 12    Int: 17    God:
Gold:   94         SH:  0    Dex: 16    Spells: 3/3 levels left

rFire   . . .      SeeInvis .    a - +0 spear
rCold   . . .      Faith    .    (no shield)
rNeg    . . .      Spirit   .    g - +0 leather armour
rPois   .          Reflect  .    (helmet restricted)
rElec   .          Harm     .    (no cloak)
rCorr   .          Rampage  .    (no gloves)
Will    .....                    (boots unavailable)
Stlth   ++                       (no amulet)
HPRegen 0.24/turn                k - +6 ring of intelligence
MPRegen 0.09/turn                (no ring)

@: no status effects
A: beak, talons 3
a: no special abilities


You were on level 3 of the Dungeon.
You visited 1 branch of the dungeon, and saw 3 of its levels.

You collected 94 gold pieces.

Inventory:

Hand Weapons
 a - a +0 spear (weapon)
 o - a +0 war axe
Armour
 b - a +0 robe
 g - a +0 leather armour (worn)
 m - a +0 ring mail
Jewellery
 k - a +6 ring of intelligence (left hand)
Scrolls
 f - 3 scrolls of identify {unknown}
 h - 3 scrolls of torment {unknown}
 l - a scroll of immolation {unknown}
 n - a scroll of vulnerability {unknown}
Potions
 c - a potion of ambrosia
 d - 3 potions of curing {unknown}
 e - a potion of brilliance {unknown}
 i - a potion of mutation {unknown}
 j - a potion of magic {unknown}


   Skills:
 - Level 3.0 Fighting
 + Level 6.0 Polearms
 - Level 3.2 Dodging
 - Level 2.0 Stealth


You had 3 spell levels left.
You didn't know any spells.
Your spell library contained the following spells:

 Spells                   Type           Power      Damage    Failure   Level
 Cigotuvi's Dreadful Rot  Necr/Pois/Air  0%         N/A       41%         2
 Dispel Undead            Necr           0%         3d6       96%         4
 Death Channel            Necr           0%         N/A       100%        6
 Malign Gateway           Summ/Tloc      0%         N/A       100%        7
 Summon Horrible Things   Summ           0%         N/A       100%        8


Dungeon Overview and Level Annotations

Branches:
Dungeon (3/15)

Altars:
Ashenzari
Qazlal


Innate Abilities, Weirdness & Mutations

You have a beak for a mouth.
You have claws for feet.


Message History

You now have 94 gold pieces (gained 14).
An orc comes into view. It is wielding a +0 whip.
An orc is nearby!
An orc priest comes into view. It is wielding a +0 dagger.
An orc comes into view. It is wielding a +0 falchion.
The orc priest shouts!
You hear a shout!
An orc comes into view. It is wielding a +0 flail.
An orc comes into view. It is wielding a +0 falchion.
Found a stormy altar of Qazlal.
The orc shouts! x2; You hear an angry hiss.
The orc priest looks satisfied for a moment.
An iguana comes into view.
Reach: a) +0 spear
Press: ? - help, Dir - move target, f - orc priest
Aim: an orc priest, wielding a +0 dagger and wearing a +0 leather armour (about 34% to evade your +0 spear)
You reach to attack!
You barely miss the orc priest. You closely miss the orc priest.
Your kick misses the orc priest.
The orc priest hits you with a +0 dagger.
You barely miss the orc priest.
You claw the orc priest, but do no damage.
You peck the orc priest, but do no damage.
You hit the orc priest but do no damage.
You peck the orc priest.
The orc priest is lightly wounded.
The orc hits you with a +0 whip.
The orc priest hits you with a +0 dagger.
You hit the orc priest. You claw the orc priest.
You peck the orc priest, but do no damage.
The orc priest is almost dead.
The orc barely misses you. The orc hits you but does no damage.
Reach: a) +0 spear
Press: ? - help, Dir - move target, f/p - orc priest
Aim: an orc priest, wielding a +0 dagger and wearing a +0 leather armour (almost dead, about 34% to evade your +0 spear)
The orc is in the way.
You barely miss the orc. You claw the orc, but do no damage.
Your peck misses the orc. The orc hits you with a +0 whip.
The orc hits you with a +0 flail!
The orc priest mumbles some strange prayers to Beogh against you.
Beogh smites you!
Ouch! That really hurt!
You die...

....... #.# #.### ###
#.......##.# #... ...
#.......##.###.###.###
#.......#.............
.##.......##.###.#.#.###
..........##.# #.....#
≈.≈≈........>###...#####
≈.≈.l≈..................
....≈≈o@..##.......#####
._..oooo................
....≈≈.....#.###.#.#####
≈.≈..≈.....#.# #.#.#
≈.≈≈....#.##.###.#.#
...................#
##.##+###.##.###.#)####
.. #.##.##.......#
........####


You could see an iguana, an orc priest and 4 orcs.

Vanquished Creatures
  Robin (D:2)
  An adder (D:2)
  An ufetubus (D:3)
  A worm (D:2)
  A dart slug (D:1)
  An orc (D:2)
  4 endoplasms
  2 giant cockroaches (D:2)
  15 goblins
  11 hobgoblins
  3 jackals (D:1)
  6 kobolds
  6 quokkas
  6 ball pythons
  2 bats
  2 frilled lizards (D:1)
  5 rats
  A spectral goblin (D:2)
69 creatures vanquished.

Notes
Turn   | Place    | Note
-------+----------+-------------------------------------------
     0 | D:1      | Aneyh the Tengu Monk began the quest for the Orb.
     0 | D:1      | Reached XP level 1. HP: 14/14 MP: 2/2
    80 | D:1      | Reached XP level 2. HP: 8/19 MP: 3/3
   189 | D:1      | Reached skill level 4 in Polearms
   452 | D:1      | Reached XP level 3. HP: 22/23 MP: 4/4
   829 | D:2      | Reached skill level 5 in Polearms
  1048 | D:2      | Reached XP level 4. HP: 24/28 MP: 5/5
  1056 | D:2      | Noticed Robin
  1076 | D:2      | Killed Robin
  1195 | D:2      | Found a faded altar of an unknown god.
  1805 | D:3      | Found a broken altar of Ashenzari.
  1858 | D:3      | Reached skill level 6 in Polearms
  1903 | D:3      | Found a stormy altar of Qazlal.
  1910 | D:3      | Killed from afar by an orc priest

Illustrated notes

Levels and vault maps discovered:
D:1:      lightli_arrival_maybe_door_vault, layout_rooms, st_stairs_14,
          kennysheep_doodads, minmay_liquid_box, minmay_indecisive_spiral
D:2:      minmay_alternating_diamond, layout_basic,
          dreamdust_ecumenical_altar_drowned_temple, serial_rivers,
          chequers_serial_rivers_small_3, chequers_serial_rivers_room_a,
          chequers_serial_rivers_micro_d, chequers_serial_rivers_marsh,
          uniq_robin
D:3:      layout_basic, nzn_hepliaklqana_mist_gate, evilmike_ruin_ashenzari,
          mainiacjoe_overflow_small_starburst, uniq_grinder

Skill      XL: |  1  2  3  4 |
---------------+-------------+-----
Polearms       | 4 5 6 |  6.0
Fighting       | |  3.0
Dodging        | |  3.2
Stealth        | |  2.0

Action                     |  1- 3 |  4- 6 || total
---------------------------+-------+-------++-------
  Melee: Spear             |   111 |    67 ||   178
         Peck              |     8 |    13 ||    21
         Kick              |    18 |    20 ||    38
   Stab: Sleeping          |     6 |     1 ||     7
         Distracted        |     1 |       ||     1
 Armour: Robe              |     3 |       ||     3
         Leather armour    |     9 |     8 ||    17
  Dodge: Dodged            |    35 |    14 ||    49

Table legend: (Time is in decaauts)
 A = Elapsed time spent in this place.
 B = Non-inter-level travel time spent in this place.
 C = Inter-level travel time spent in this place.
 D = Time resting spent in this place.
 E = Time spent auto-exploring this place.
 F = Levels seen in this place.
 G = Mean time per level.
                   A        B        C        D        E       F      G
               +--------+--------+--------+--------+--------+-----+--------+
         Total |   1895 |   1864 |     31 |    206 |   1290 |   3 |  631.7 |
       Dungeon |   1895 |   1864 |     31 |    206 |   1290 |   3 |  631.7 |
               +--------+--------+--------+--------+--------+-----+--------+

Top non-repeatable levels by time:
     D:2: 1086 daAuts
     D:1: 703 daAuts
     D:3: 106 daAuts
